[Event "ICC tourney 1979 (3 2)"]
[Site "Internet Chess Club"]
[Date "2020.08.28"]
[Round "10"]
[White "UltimateDL"]
[Black "VirginiaGuy"]
[Result "1-0"]
[ICCResult "Black resigns"]
[WhiteElo "1268"]
[BlackElo "1229"]
[Opening "Scotch: Steinitz variation"]
[ECO "C45"]
[NIC "SO.04"]
[Time "22:16:58"]
[TimeControl "180+2"]

1. e4 e5 2. Nf3 Nc6 3. d4 exd4 4. Nxd4 Qh4 5. Nc3 Bb4 6. Nb5 Qxe4+ 7. Be2
Kd8 8. O-O Qe8 9. Re1 Qf8 10. Bf4 d6 11. Bf3 Nge7 12. Bxd6 cxd6 13. Nxd6
Bxd6 14. Qxd6+ Bd7 15. Rad1 Nb8 16. Bxb7 Nf5 17. Qxf8+ Rxf8 18. Bxa8 Kc7 19.
Nd5+ Kc8 20. Ne7+ Nxe7 21. Rxe7 Kd8 22. Re2 Re8 23. Red2 Ke7 24. Re1+ Kf8
25. Rxe8+ Kxe8 26. Re2+ Kd8 27. Bd5 f6 28. Bg8 h6 29. Bb3 Na6 30. Rd2 Nb8
31. Be6 Ke8 32. Bxd7+ Nxd7 33. Rxd7 Kxd7 34. Kf1 Kd6 35. Ke2 Kd5 36. Kd3 a5
37. c4+ Kc5 38. Kc3 f5 39. f4 g6 40. h4 g5 41. hxg5 {Black resigns} 1-0

[Event "ICC tourney 1979 (3 2)"]
[Site "Internet Chess Club"]
[Date "2020.08.28"]
[Round "10"]
[White "weakfish"]
[Black "oxdidi"]
[Result "1-0"]
[ICCResult "Black checkmated"]
[WhiteElo "1317"]
[BlackElo "1145"]
[Opening "Ruy Lopez: Archangelsk (counterthrust) variation"]
[ECO "C78"]
[NIC "RL.12"]
[Time "22:16:55"]
[TimeControl "180+2"]

1. e4 e5 2. Nf3 Nc6 3. Bb5 a6 4. Ba4 Nf6 5. O-O b5 6. Bb3 Bb7 7. d3 Bc5 8.
Bg5 Bb6 9. Nc3 h6 10. Bh4 O-O 11. Nd5 g5 12. Nxb6 cxb6 13. Bg3 Re8 14. Re1
Qe7 15. h4 g4 16. Nh2 h5 17. Qd2 Kf8 18. Qh6+ Kg8 19. Qg5+ Kf8 20. f4 exf4
21. Bxf4 Nd4 22. Be5 Qxe5 23. Qh6+ Ke7 24. Rf1 Ng8 25. Qh7 Ne2+ 26. Kf2 Qxh2
27. Qxf7+ Kd8 28. Kxe2 Qxg2+ 29. Rf2 Qg3 30. Raf1 Qxh4 31. Qg6 Qe7 32. Qxb6+
Kc8 33. Rf7 Qd8 34. Qc5+ Qc7 35. Qf5 Nh6 36. Qxh5 Nxf7 37. Rxf7 a5 38. Be6
dxe6 39. Rxc7+ Kxc7 40. Qc5+ Bc6 41. Qe5+ Kd7 42. Qg7+ Kd6 43. e5+ Kd5 44.
c3 Kc5 45. Qxg4 Kd5 46. Qd4# {Black checkmated} 1-0

[Event "ICC tourney 1979 (3 2)"]
[Site "Internet Chess Club"]
[Date "2020.08.28"]
[Round "10"]
[White "Alec-hine"]
[Black "chessrex"]
[Result "0-1"]
[ICCResult "White forfeits on time"]
[WhiteElo "1716"]
[BlackElo "1945"]
[Opening "Queen's pawn: Charlick (Englund) gambit"]
[ECO "A40"]
[NIC "QO.17"]
[Time "22:17:00"]
[TimeControl "180+2"]

1. d4 e5 2. dxe5 Nc6 3. Nf3 Nge7 4. Nc3 Ng6 5. e4 Ngxe5 6. Nxe5 Nxe5 7. Bf4
Nc6 8. Bc4 Be7 9. O-O d6 10. Nd5 O-O 11. Bg3 Be6 12. Nxe7+ Qxe7 13. Bb3 Bxb3
14. axb3 a6 15. f3 Rad8 16. Qd2 Qf6 17. Qc3 Qxc3 18. bxc3 f5 19. exf5 Rxf5
20. Rae1 Kf7 21. Re3 Re8 22. Rxe8 Kxe8 23. Re1+ Kd7 24. Kf2 Rf7 25. Bh4 Ne5
26. Bg3 Ng6 27. c4 Ne7 28. Re4 b6 29. Ke2 g6 30. Kd3 Nc6 31. Bh4 Nb4+ 32.
Kc3 a5 33. f4 d5 34. Re2 dxc4 35. Bg5 cxb3 36. cxb3 Nd5+ 37. Kc2 c6 38. g3
b5 39. h4 Ne7 40. Rd2+ Nd5 41. h5 a4 42. bxa4 bxa4 43. hxg6 hxg6 44. Kb2 Kd6
45. Ka3 Ra7 46. Rd4 Kc5 47. Rxa4 Rxa4+ 48. Kxa4 Kd4 49. Kb3 Ke4 50. Kc4 Ne3+
51. Kc5 Nf5 {White forfeits on time} 0-1

[Event "ICC tourney 1979 (3 2)"]
[Site "Internet Chess Club"]
[Date "2020.08.28"]
[Round "10"]
[White "Aadarsh99"]
[Black "strangerthingz"]
[Result "1/2-1/2"]
[ICCResult "Game drawn by repetition"]
[WhiteElo "1341"]
[BlackElo "1358"]
[Opening "Queen's pawn game, Darooha variation "]
[ECO "D02"]
[NIC "QP.08"]
[Time "22:17:05"]
[TimeControl "180+2"]

1. d4 d5 2. Nf3 Nf6 3. g3 Bf5 4. Bg2 h6 5. O-O Nc6 6. b3 Qd7 7. Bb2 Bh3 8.
Nbd2 Bxg2 9. Kxg2 e6 10. Re1 Be7 11. e4 dxe4 12. Nxe4 O-O 13. c4 Nxe4 14.
Rxe4 Bf6 15. Rb1 Rfd8 16. Rf4 a6 17. d5 Bxb2 18. Rxb2 exd5 19. Rd2 Ne7 20.
Ne5 Qe6 21. Nxf7 Rf8 22. cxd5 Qb6 23. d6 Qc6+ 24. Kg1 cxd6 25. Rxd6 Qc5 26.
Rc4 Qf5 27. Rf4 Qc5 28. b4 Qb5 29. a4 Qe8 30. Ne5 Rxf4 31. gxf4 Nc6 32. Qd5+
Kh8 33. Nxc6 bxc6 34. Qxc6 Qe1+ 35. Kg2 Rf8 36. Qxa6 Qxb4 37. a5 Qe4+ 38.
Kf1 Qb1+ 39. Kg2 Qe4+ 40. Kf1 Qxf4 41. Qb6 Qc1+ 42. Kg2 Qg5+ 43. Kf1 Qc1+
44. Kg2 Qg5+ 45. Kf1 Qc1+ 46. Kg2 Qg5+ 47. Kf1 {Game drawn by repetition}
1/2-1/2

[Event "ICC tourney 1979 (3 2)"]
[Site "Internet Chess Club"]
[Date "2020.08.28"]
[Round "10"]
[White "Baggs"]
[Black "aryababu25"]
[Result "0-1"]
[ICCResult "White checkmated"]
[WhiteElo "1224"]
[BlackElo "1378"]
[Opening "Queen's pawn: Chigorin variation"]
[ECO "D00"]
[NIC "QP.08"]
[Time "22:17:01"]
[TimeControl "180+2"]

1. d4 d5 2. Nc3 c5 3. dxc5 Nf6 4. Bf4 Nc6 5. e3 e5 6. Bg5 h6 7. Bh4 g5 8.
Bg3 Be6 9. Bb5 Qc7 10. Nf3 Bxc5 11. Bxe5 Qe7 12. Nd4 Rc8 13. Bxf6 Qxf6 14.
Nxc6 bxc6 15. Bd3 O-O 16. Qf3 Qg7 17. h4 g4 18. Qf4 d4 19. exd4 Bxd4 20. O-O
Be5 21. Qd2 Rcd8 22. Rfe1 Bd4 23. Rad1 g3 24. Re2 Bg4 25. Ne4 Bxe2 26. Qxe2
gxf2+ 27. Nxf2 Rde8 28. Qf3 Kh8 29. Be4 Re5 30. c3 Bb6 31. Bxc6 Rc8 32. Kh1
Re6 33. Be4 Rf6 34. Bf5 Rc5 35. Qa8+ Qg8 36. Ne4 Qxa8 37. Nxf6 Rxf5 38. Nd7
Qe4 39. Nxb6 Qxh4+ 40. Kg1 Qf2+ 41. Kh1 Rh5# {White checkmated} 0-1

[Event "ICC tourney 1979 (3 2)"]
[Site "Internet Chess Club"]
[Date "2020.08.28"]
[Round "10"]
[White "auggie29"]
[Black "clair"]
[Result "1-0"]
[ICCResult "Black checkmated"]
[WhiteElo "1307"]
[BlackElo "1231"]
[Opening "Modern defense"]
[ECO "A40"]
[NIC "QO.17"]
[Time "22:16:57"]
[TimeControl "180+2"]

1. d4 g6 2. Nf3 Bg7 3. Bf4 e6 4. e3 Ne7 5. c4 d6 6. Nc3 O-O 7. Bd3 Nd7 8.
Qc2 b6 9. Bg5 h6 10. Bh4 Bb7 11. O-O-O c5 12. g4 Re8 13. Be4 Qc7 14. Bxb7
Qxb7 15. Qe4 d5 16. cxd5 exd5 17. Qd3 Rac8 18. Rhe1 cxd4 19. exd4 b5 20. Kb1
b4 21. Nb5 Qb6 22. Bxe7 a6 23. Nd6 Rxe7 24. Nxc8 Qf6 25. Nxe7+ Kh7 26. Nxd5
Qd6 27. Ne3 a5 28. g5 h5 29. h4 a4 30. Qc4 Nb6 31. Qc5 Qe6 32. d5 Qe4+ 33.
Ka1 Nd7 34. Qc2 Qf4 35. Nd2 a3 36. Kb1 axb2 37. Ndc4 Nc5 38. Nxb2 Ne4 39. d6
Nc3+ 40. Ka1 Nb5 41. d7 Na3 42. Qb3 Qxf2 43. d8=Q Nc2+ 44. Qxc2 Qxh4 45. Qe8
Qxg5 46. Qxf7 Qf5 47. Qfxf5 gxf5 48. Qxf5+ Kh6 49. Rg1 Bxb2+ 50. Kxb2 b3 51.
Qg6# {Black checkmated} 1-0

[Event "ICC tourney 1979 (3 2)"]
[Site "Internet Chess Club"]
[Date "2020.08.28"]
[Round "10"]
[White "QueenHM"]
[Black "blackjack721"]
[Result "0-1"]
[ICCResult "White checkmated"]
[WhiteElo "1347"]
[BlackElo "1315"]
[Opening "Vienna gambit"]
[ECO "C29"]
[NIC "VG.03"]
[Time "22:17:48"]
[TimeControl "180+2"]

1. e4 e5 2. f4 Nf6 3. Nc3 d5 4. exd5 e4 5. Bc4 Bc5 6. Nge2 Bg4 7. d4 exd3 8.
Qxd3 O-O 9. Be3 Bxe3 10. Qxe3 Re8 11. Qg3 a6 12. O-O b5 13. Bb3 b4 14. h3
Bh5 15. Nd4 bxc3 16. bxc3 Ne4 17. Qd3 Qh4 18. c4 Nd7 19. c3 Ndc5 20. Qc2 f5
21. Nxf5 Qf6 22. Nd4 Ng3 23. Rf2 Nce4 24. Ba4 Nxf2 25. Bxe8 Nxh3+ 26. gxh3
Rxe8 27. Ne6 Bg6 28. Qf2 Ne4 29. Qf3 c6 30. Rb1 Nxc3 31. Rb7 Bf7 32. Rxf7
Kxf7 33. Ng5+ Kg8 34. Ne6 cxd5 35. cxd5 Rb8 36. d6 Rb1+ 37. Kh2 Qxe6 38.
Qa8+ Kf7 39. Qa7+ Kg6 40. Qxa6 Qe1 41. d7+ Kf7 42. Qc4+ Ke7 43. d8=Q+ Kxd8
44. Qd4+ Ke7 45. Qxc3 Qxc3 46. a4 Rb2+ 47. Kg1 Qc1# {White checkmated} 0-1

[Event "ICC tourney 1979 (3 2)"]
[Site "Internet Chess Club"]
[Date "2020.08.28"]
[Round "11"]
[White "ztraynor"]
[Black "ab4gm"]
[Result "1/2-1/2"]
[ICCResult "Game drawn by repetition"]
[WhiteElo "1120"]
[BlackElo "1339"]
[Opening "Queen's pawn game, Chigorin variation"]
[ECO "D02"]
[NIC "QP.08"]
[Time "22:28:00"]
[TimeControl "180+2"]

1. d4 d5 2. Nf3 Nc6 3. Bf4 Bf5 4. Nc3 Nf6 5. e3 e6 6. Nb5 Bd6 7. Bxd6 cxd6
8. c4 dxc4 9. Bxc4 d5 10. Bb3 Qa5+ 11. Nc3 Ne4 12. Rc1 O-O 13. O-O Nxc3 14.
Rxc3 Qb6 15. Nh4 Bg6 16. Nxg6 fxg6 17. f4 Na5 18. g4 Nxb3 19. Rxb3 Qc6 20.
Rc3 Qb6 21. Rb3 Qc6 22. Rc3 Qb6 23. Rb3 {Game drawn by repetition} 1/2-1/2

[Event "ICC tourney 1979 (3 2)"]
[Site "Internet Chess Club"]
[Date "2020.08.28"]
[Round "11"]
[White "shrey16ultimate"]
[Black "kurohaze"]
[Result "1-0"]
[ICCResult "Black resigns"]
[WhiteElo "1487"]
[BlackElo "1405"]
[Opening "Queen's pawn, Mason variation"]
[ECO "D00"]
[NIC "QP.08"]
[Time "22:28:06"]
[TimeControl "180+2"]

1. d4 d5 2. Bf4 e6 3. e3 Bd6 4. Bg3 Nf6 5. Nf3 O-O 6. c4 dxc4 7. Bxc4 c5 8.
Nc3 cxd4 9. Nxd4 Bb4 10. Qc2 a6 11. a3 Bxc3+ 12. Qxc3 Bd7 13. O-O Nc6 14.
Nxc6 Bxc6 15. Rfd1 Qe7 16. Bd6 Nd5 17. Bxe7 Nxc3 18. bxc3 Rfe8 19. Bd6 b5
20. Bb3 a5 21. c4 a4 22. Ba2 bxc4 23. Bxc4 Rad8 24. Bb4 Bd5 25. Bxd5 Rxd5
26. Kf1 h6 27. Rxd5 exd5 28. Rd1 Re5 29. Rd4 g5 30. Bc5 Kg7 31. Rxa4 f5 32.
Bd4 {Black resigns} 1-0

[Event "ICC tourney 1979 (3 2)"]
[Site "Internet Chess Club"]
[Date "2020.08.28"]
[Round "11"]
[White "Jeffchess"]
[Black "QueenHM"]
[Result "0-1"]
[ICCResult "White checkmated"]
[WhiteElo "1290"]
[BlackElo "1366"]
[Opening "King's pawn opening"]
[ECO "B07"]
[NIC "VO.17"]
[Time "22:28:04"]
[TimeControl "180+2"]

1. e4 d6 2. Nf3 Nf6 3. Nc3 g6 4. e5 dxe5 5. Nxe5 Bg7 6. Nf3 O-O 7. Be2 Nc6
8. Bb5 Nd4 9. Nxd4 Qxd4 10. d3 Ng4 11. O-O Qb6 12. h3 Nf6 13. Be3 c5 14. a4
a6 15. a5 Qc7 16. Bc4 b5 17. axb6 Qxb6 18. Na4 Qc6 19. Nxc5 Bf5 20. Qf3 Qxf3
21. gxf3 Bxh3 22. Kh2 Bxf1 23. Rxf1 e6 24. Nxa6 Nd5 25. Bxd5 exd5 26. b3
Rxa6 27. Kg3 Rc6 28. c4 dxc4 29. dxc4 Rb8 30. Rb1 Rxc4 31. Bf4 Rxf4 32. Kxf4
h5 33. b4 h4 34. b5 h3 35. b6 h2 36. b7 Bd4 37. Kg3 Kg7 38. Kxh2 Bxf2 39.
Kg2 Bd4 40. Kg3 f5 41. Kf4 Kf6 42. Rb5 Ke6 43. Kg5 Kf7 44. f4 Bf6+ 45. Kh6
Bg7+ 46. Kh7 Rh8# {White checkmated} 0-1

[Event "ICC tourney 1979 (3 2)"]
[Site "Internet Chess Club"]
[Date "2020.08.28"]
[Round "11"]
[White "clair"]
[Black "UltimateDL"]
[Result "1-0"]
[ICCResult "Black resigns"]
[WhiteElo "1241"]
[BlackElo "1235"]
[Opening "Queen's pawn, Mason variation"]
[ECO "D00"]
[NIC "QP.08"]
[Time "22:28:55"]
[TimeControl "180+2"]

1. d4 d5 2. Bf4 Nf6 3. e3 Bf5 4. c4 e6 5. Qb3 b6 6. cxd5 Nxd5 7. Bb5+ Nd7 8.
Be5 f6 9. Bg3 Bb4+ 10. Nc3 O-O 11. Ne2 a6 12. Bc4 Nxc3 13. Nxc3 Qe7 14. Bxc7
Rac8 15. Bg3 b5 16. Be2 Kh8 17. O-O e5 18. dxe5 Nxe5 19. Bxe5 Qxe5 20. Qxb4
{Black resigns}
1-0

[Event "ICC tourney 1979 (3 2)"]
[Site "Internet Chess Club"]
[Date "2020.08.28"]
[Round "11"]
[White "challenger2010"]
[Black "EsatERGIN"]
[Result "1-0"]
[ICCResult "Black resigns"]
[WhiteElo "2009"]
[BlackElo "1689"]
[Opening "Ruy Lopez: exchange variation, 5.O-O"]
[ECO "C68"]
[NIC "RL.08"]
[Time "22:27:59"]
[TimeControl "180+2"]

1. e4 e5 2. Nf3 Nc6 3. Bb5 a6 4. Bxc6 dxc6 5. O-O Bg4 6. h3 Bh5 7. d3 Bc5 8.
Nbd2 f6 9. Rb1 Ne7 10. b4 Bb6 11. Nc4 Ba7 12. a4 b5 13. Na5 c5 14. axb5 axb5
15. bxc5 Rb8 16. Be3 O-O 17. c6 Bxe3 18. fxe3 Qd6 19. c4 Nxc6 20. Nxc6 Qxc6
21. Nxe5 fxe5 22. Qxh5 bxc4 23. Rxb8 {Black resigns} 1-0

[Event "ICC tourney 1979 (3 2)"]
[Site "Internet Chess Club"]
[Date "2020.08.28"]
[Round "11"]
[White "aryababu25"]
[Black "drberkley"]
[Result "0-1"]
[ICCResult "White resigns"]
[WhiteElo "1367"]
[BlackElo "1545"]
[Opening "King's Indian: 5.Nf3"]
[ECO "E90"]
[NIC "KI.21"]
[Time "22:28:00"]
[TimeControl "180+2"]

1. d4 Nf6 2. c4 g6 3. Nc3 Bg7 4. e4 d6 5. Nf3 O-O 6. Bd3 Nc6 7. O-O Bg4 8.
Be3 e5 9. d5 Nd4 10. Be2 Nxe2+ 11. Qxe2 c6 12. h3 Bd7 13. Qd2 c5 14. Bg5 Qb6
15. b3 Nh5 16. Bh6 f6 17. g4 Bxh6 18. Qxh6 Nf4 19. Rad1 Qb4 20. Nb1 f5 21.
exf5 gxf5 22. Qg5+ Kh8 23. Nh4 Nxh3+ 24. Kh2 Nxg5 25. gxf5 {White resigns}
0-1

[Event "ICC tourney 1979 (3 2)"]
[Site "Internet Chess Club"]
[Date "2020.08.28"]
[Round "11"]
[White "chessrex"]
[Black "hursha6b5"]
[Result "1-0"]
[ICCResult "Black resigns"]
[WhiteElo "1949"]
[BlackElo "1613"]
[Opening "Blackmar gambit"]
[ECO "D00"]
[NIC "QP.08"]
[Time "22:28:07"]
[TimeControl "180+2"]

1. d4 d5 2. e4 dxe4 3. Nc3 Nf6 4. f3 exf3 5. Nxf3 g6 6. Bc4 Bg7 7. O-O O-O
8. h3 b6 9. Qe1 Bb7 10. Qh4 e6 11. Bg5 Nbd7 12. Ne5 c5 13. Nxd7 Qxd7 14.
Bxf6 cxd4 15. Bb5 Qd6 16. Ne4 Qd5 17. Bd3 h5 18. Bxg7 Kxg7 19. Qf6+ Kg8 20.
Rf2 Rad8 21. Re1 Rd7 22. Ree2 a6 23. b3 b5 24. Rf3 Kh7 25. Ng5+ Kh6 26. Re5
Qd6 27. Nxf7+ {Black resigns} 1-0

[Event "ICC tourney 1979 (3 2)"]
[Site "Internet Chess Club"]
[Date "2020.08.28"]
[Round "11"]
[White "jthebest"]
[Black "stgummadi"]
[Result "1-0"]
[ICCResult "Black forfeits on time"]
[WhiteElo "1181"]
[BlackElo "1038"]
[Opening "Sicilian"]
[ECO "B50"]
[NIC "SI.01"]
[Time "22:28:55"]
[TimeControl "180+2"]

1. e4 c5 2. Nf3 d6 3. Bc4 Nf6 4. c3 Nc6 5. O-O e6 6. d4 cxd4 7. cxd4 a6 8.
Nc3 b5 9. Bb3 Be7 10. Bg5 O-O 11. Qd3 e5 12. a3 Bb7 13. d5 Na5 14. Ba2
{Black forfeits on time}
1-0

[Event "ICC tourney 1979 (3 2)"]
[Site "Internet Chess Club"]
[Date "2020.08.28"]
[Round "11"]
[White "stephenwilly"]
[Black "auggie29"]
[Result "1-0"]
[ICCResult "Black checkmated"]
[WhiteElo "1476"]
[BlackElo "1294"]
[Opening "French defense, Steiner variation"]
[ECO "C00"]
[NIC "FR.01"]
[Time "22:28:18"]
[TimeControl "180+2"]

1. e4 e6 2. c4 c6 3. d4 d5 4. cxd5 exd5 5. exd5 cxd5 6. Nc3 Nf6 7. Nf3 Bb4
8. Bb5+ Nc6 9. O-O a6 10. Bxc6+ bxc6 11. Ne5 Bd7 12. Bg5 O-O 13. Nxd7 Qxd7
14. Bxf6 gxf6 15. a3 Bxc3 16. bxc3 Qf5 17. Re1 Rfe8 18. Rxe8+ Rxe8 19. Qa4
Qe6 20. Qxa6 f5 21. h3 f4 22. Kh2 Qd6 23. Kh1 Re6 24. Qd3 Rg6 25. a4 Qf6 26.
a5 Qg5 27. Rg1 Qd8 28. a6 Qb6 29. Rb1 Qa7 30. Rb7 Qa8 31. Rc7 Kh8 32. a7 Rg8
33. Rxf7 c5 34. Qxh7# {Black checkmated} 1-0

[Event "ICC tourney 1979 (3 2)"]
[Site "Internet Chess Club"]
[Date "2020.08.28"]
[Round "11"]
[White "Chesschamp27"]
[Black "CastledQueen"]
[Result "0-1"]
[ICCResult "White resigns"]
[WhiteElo "1476"]
[BlackElo "1501"]
[Opening "King's Indian: East Indian defense"]
[ECO "A48"]
[NIC "QP.06"]
[Time "22:28:45"]
[TimeControl "180+2"]

1. d4 Nf6 2. Nf3 g6 3. e3 Bg7 4. Bd3 O-O 5. c3 Re8 6. Nbd2 d5 7. Qe2 c6 8.
e4 dxe4 9. Nxe4 Nbd7 10. O-O e5 11. dxe5 Nxe5 12. Nxe5 Rxe5 13. Nxf6+ Bxf6
14. Qc2 Re8 15. Bh6 Qd5 16. Rad1 Qh5 17. Bf4 Be6 18. Rfe1 Rad8 19. Be2 Bg4
20. Bxg4 Qxg4 21. Rxd8 Rxd8 22. Bh6 g5 23. f4 gxf4 24. Qf2 Bh4 25. g3 fxg3
26. hxg3 Bxg3 27. Qg2 Rd1 28. Rf1 {White resigns} 0-1

[Event "ICC tourney 1979 (3 2)"]
[Site "Internet Chess Club"]
[Date "2020.08.28"]
[Round "11"]
[White "Snowzera"]
[Black "nbankulla"]
[Result "0-1"]
[ICCResult "White checkmated"]
[WhiteElo "1157"]
[BlackElo "1158"]
[Opening "Ruy Lopez: classical (Cordel) defense"]
[ECO "C64"]
[NIC "RL.01"]
[Time "22:28:03"]
[TimeControl "180+2"]

1. e4 e5 2. Nf3 Nc6 3. Bb5 Bc5 4. Bxc6 dxc6 5. Nc3 Bg4 6. d3 Nf6 7. Bg5 Be7
8. O-O O-O 9. Qe2 Re8 10. Rad1 Qd7 11. Rfe1 Rad8 12. Qe3 Bxf3 13. Qxf3 h6
14. Bh4 Qg4 15. Bxf6 Qxf3 16. gxf3 Bxf6 17. Kg2 Re6 18. Na4 Bg5 19. Nc5 Rg6
20. Kh1 b6 21. Nb7 Rb8 22. f4 Bxf4 23. f3 Rxb7 24. Rg1 Rxg1+ 25. Rxg1 Rb8
26. b3 Rd8 27. Rd1 c5 28. c3 b5 29. a3 c4 30. bxc4 bxc4 31. d4 exd4 32. cxd4
Be5 33. d5 c6 34. Rc1 cxd5 35. exd5 Rxd5 36. Rxc4 Rd1+ 37. Kg2 Rd2+ 38. Kh3
Rxh2+ 39. Kg4 h5+ 40. Kf5 Bb2 41. a4 Rf2 42. Rc8+ Kh7 43. Ke4 h4 44. Rc7 h3
45. Rxf7 h2 46. Rf4 h1=Q 47. a5 Re2+ 48. Kd3 Qd1+ 49. Kc4 Rc2+ 50. Kb5 Be5
51. Rh4+ Kg8 52. a6 Qb1+ 53. Rb4 Rb2 54. Rxb2 Qxb2+ 55. Kc6 Qb4 56. f4 Bxf4
57. Kd5 Qb6 58. Ke4 Qxa6 59. Kxf4 Qc4+ 60. Kf5 a5 61. Kg6 a4 62. Kf5 a3 63.
Kg5 a2 64. Kf5 a1=Q 65. Kg5 Qg1+ 66. Kf5 Qf7+ 67. Ke4 Qe1+ 68. Kd3 Qd7+ 69.
Kc2 Qdd2+ 70. Kb3 Qee3+ 71. Kc4 Qdd4+ 72. Kb5 Qee5+ 73. Kc6 Qdd6+ 74. Kb7
Qee7+ 75. Kc8 Qdd8# {White checkmated} 0-1

[Event "ICC tourney 1979 (3 2)"]
[Site "Internet Chess Club"]
[Date "2020.08.28"]
[Round "11"]
[White "wildrumpus"]
[Black "Snuffleupegus"]
[Result "0-1"]
[ICCResult "White checkmated"]
[WhiteElo "1300"]
[BlackElo "1482"]
[Opening "Queen's Pawn"]
[ECO "A41"]
[NIC "QO.17"]
[Time "22:28:07"]
[TimeControl "180+2"]

1. d4 d6 2. f4 e5 3. dxe5 dxe5 4. Qxd8+ Kxd8 5. fxe5 Nc6 6. Nf3 Bg4 7. Bf4
Bc5 8. h3 Bxf3 9. exf3 Nge7 10. c4 Ng6 11. Bg5+ Kd7 12. Nc3 Ngxe5 13. O-O-O+
Ke6 14. f4 f6 15. Bh4 Ng6 16. Re1+ Kf7 17. Bg3 Rhe8 18. Bd3 Be3+ 19. Kb1
Nxf4 20. Bxf4 Bxf4 21. Nd5 Bg3 22. Ref1 Nb4 23. Bxh7 Nxd5 24. cxd5 Re2 25.
h4 Rae8 26. h5 R8e3 27. Bg6+ Kg8 28. h6 Be5 29. h7+ Kh8 30. Rh3 Rxb2+ 31.
Kc1 Ree2 32. Rh2 Rxa2 33. Kb1 Reb2+ 34. Kc1 Ra1+ 35. Bb1 Raxb1#
{White checkmated}
0-1

[Event "ICC tourney 1979 (3 2)"]
[Site "Internet Chess Club"]
[Date "2020.08.28"]
[Round "11"]
[White "blackjack721"]
[Black "weakfish"]
[Result "0-1"]
[ICCResult "White checkmated"]
[WhiteElo "1299"]
[BlackElo "1333"]
[Opening "Caro-Kann: advance variation"]
[ECO "B12"]
[NIC "CK.04"]
[Time "22:28:08"]
[TimeControl "180+2"]

1. e4 c6 2. d4 d5 3. e5 Bf5 4. c3 e6 5. h4 Bxb1 6. Rxb1 Be7 7. g3 Nd7 8. Bd3
c5 9. Ne2 cxd4 10. cxd4 Bb4+ 11. Nc3 Rc8 12. a3 Bxc3+ 13. bxc3 Rxc3 14. Rxb7
Qa5 15. Bb5 Rxc1+ 16. Ke2 Rxd1 17. Rxd1 Nh6 18. Bxd7+ Kd8 19. Rdb1 Qa6+ 20.
Ke3 Nf5+ 21. Kf3 Nxd4+ 22. Kg2 Qe2 23. Bb5 Qf3+ 24. Kh3 Qf5+ 25. Kh2 Qxf2+
26. Kh3 Nxb5 27. R1xb5 Qf5+ 28. Kg2 Qxe5 29. Rxa7 Qe4+ 30. Kh3 Qf5+ 31. Kg2
Qc2+ 32. Kh3 Qf5+ 33. Kh2 Qf2+ 34. Kh3 Qxa7 35. a4 Kc7 36. a5 Rb8 37. Rxb8
Kxb8 38. Kg4 Qxa5 39. Kh5 d4+ 40. Kg4 Qf5# {White checkmated} 0-1

[Event "ICC tourney 1979 (3 2)"]
[Site "Internet Chess Club"]
[Date "2020.08.28"]
[Round "11"]
[White "MIEMBR"]
[Black "JGroder"]
[Result "1/2-1/2"]
[ICCResult "Game drawn by repetition"]
[WhiteElo "1541"]
[BlackElo "1519"]
[Opening "Queen's pawn game, Darooha variation "]
[ECO "D02"]
[NIC "QP.08"]
[Time "22:28:15"]
[TimeControl "180+2"]

1. d4 d5 2. Nf3 Nf6 3. g3 c5 4. Bg2 Bg4 5. Ne5 Bc8 6. Nf3 Bg4 7. O-O Bxf3 8.
Bxf3 e6 9. c4 cxd4 10. cxd5 Nxd5 11. Qxd4 Nc6 12. Qa4 Bc5 13. Nc3 O-O 14.
Nxd5 exd5 15. Bf4 Nd4 16. Rac1 Nxf3+ 17. exf3 Bb6 18. Rfd1 Re8 19. Qb5 d4
20. Qd3 a6 21. Kg2 Qf6 22. Re1 g6 23. h4 Rxe1 24. Rxe1 Qc6 25. Re7 Re8 26.
Qe2 Rxe7 27. Qxe7 h5 28. Bh6 Bc5 29. Qd8+ Kh7 30. Bf4 Qe6 31. Qg5 Bd6 32.
Qh6+ Kg8 33. Bxd6 Qxd6 34. Qd2 b5 35. Qd3 Kg7 36. g4 hxg4 37. fxg4 Qf4 38.
f3 f5 39. gxf5 Qxh4 40. fxg6 Qg5+ 41. Kf2 Qh4+ 42. Kg2 Qg5+ 43. Kf2 Qh4+ 44.
Kg2 Qg5+ 45. Kf2 Qh4+ 46. Kg2 {Game drawn by repetition} 1/2-1/2

[Event "ICC tourney 1979 (3 2)"]
[Site "Internet Chess Club"]
[Date "2020.08.28"]
[Round "11"]
[White "PearsonH"]
[Black "Alec-hine"]
[Result "1/2-1/2"]
[ICCResult "Game drawn by mutual agreement"]
[WhiteElo "1435"]
[BlackElo "1695"]
[Opening "Queen's pawn: London system"]
[ECO "A45"]
[NIC "QP.07"]
[Time "22:28:03"]
[TimeControl "180+2"]

1. d4 Nf6 2. Bf4 d5 3. e3 c5 4. c3 Nc6 5. Bd3 Qb6 6. Qb3 c4 7. Qxb6 axb6 8.
Bc2 Bg4 9. Nd2 e6 10. e4 Bh5 11. e5 Nd7 12. Be3 Bg6 13. Bxg6 hxg6 14. f4 b5
15. Ngf3 Be7 16. Kf2 b4 17. h3 Nb6 18. Rhc1 Kd7 19. b3 bxc3 20. Rxc3 cxb3
21. Rxb3 Ra6 22. Rab1 Kc7 23. Rb5 Rha8 24. Ne1 R8a7 25. Nd3 Nc4 26. Nxc4
dxc4 27. Nc5 Bxc5 28. Rxc5 Rxa2+ 29. Kf3 R7a4 30. Rcb5 Na5 31. Rc5+ Kd7 32.
d5 Nb3 33. Rb5 exd5 34. Rxb7+ Ke6 35. Rb6+ Ke7 36. Rb7+ Ke6 37. Rb6+ Ke7
{Game drawn by mutual agreement}
1/2-1/2

[Event "ICC tourney 1979 (3 2)"]
[Site "Internet Chess Club"]
[Date "2020.08.28"]
[Round "11"]
[White "cjcardoso"]
[Black "BillietheKid"]
[Result "1-0"]
[ICCResult "Black forfeits on time"]
[WhiteElo "1458"]
[BlackElo "1442"]
[Opening "French: Tarrasch"]
[ECO "C03"]
[NIC "FR.14"]
[Time "22:28:13"]
[TimeControl "180+2"]

1. e4 e6 2. d4 d5 3. Nd2 Be7 4. e5 Nh6 5. Bd3 Nf5 6. Bxf5 exf5 7. Ne2 Be6 8.
Nf3 O-O 9. c3 c5 10. O-O cxd4 11. cxd4 Nc6 12. a3 a5 13. Qb3 Qd7 14. Nc3
Rfb8 15. a4 Nb4 16. Nb5 Rc8 17. Bd2 h6 18. Bxb4 Bxb4 19. h4 f4 20. Rac1 Bf5
21. Nc3 Bd3 22. Rfd1 Bc4 23. Qc2 Qg4 24. b3 Ba6 25. Qb2 Bxc3 26. Rxc3 Rxc3
27. Qxc3 Be2 28. Rc1 Bxf3 29. Qxf3 Qxf3 30. gxf3 Rb8 31. Rc5 Rd8 32. Rxa5
Kf8 33. Rb5 Ke8 34. Rxb7 {Black forfeits on time} 1-0

[Event "ICC tourney 1979 (3 2)"]
[Site "Internet Chess Club"]
[Date "2020.08.28"]
[Round "11"]
[White "OctopusYule"]
[Black "kushagra12"]
[Result "1-0"]
[ICCResult "Black checkmated"]
[WhiteElo "1612"]
[BlackElo "1426"]
[Opening "Sicilian: Pelikan (Lasker/Sveshnikov) variation"]
[ECO "B33"]
[NIC "SI.35"]
[Time "22:28:55"]
[TimeControl "180+2"]

1. e4 c5 2. Nf3 Nc6 3. d4 cxd4 4. Nxd4 Nf6 5. Nc3 e5 6. Ndb5 d6 7. Nd5 Nxd5
8. exd5 Ne7 9. c4 a6 10. Nc3 g6 11. Be2 Bg7 12. O-O O-O 13. Be3 Bf5 14. Bd3
Bxd3 15. Qxd3 f5 16. f4 e4 17. Qd2 Rc8 18. b3 b5 19. c5 b4 20. Na4 Bxa1 21.
Rxa1 dxc5 22. d6 Nc6 23. Qd5+ Kh8 24. Nxc5 Qf6 25. Rd1 Rf7 26. Ne6 Re8 27.
Ng5 Rff8 28. Qxc6 Qd8 29. Bd4+ Rf6 30. Bxf6+ Qxf6 31. Qxe8+ Kg7 32. Qf7+
Qxf7 33. Nxf7 Kxf7 34. d7 Kg7 35. d8=Q Kh6 36. Qh4+ Kg7 37. Rd7+ Kg8 38.
Qd8# {Black checkmated} 1-0